 Dungeon Crawl Stone Soup version 0.27-a0-550-ge92ec0ca06 (webtiles) character file.

Game seed: 1941790338694088467

13795 jasper the Martial Artist (level 12, -5/159 HPs)
             Began as a Naga Transmuter on Mar 7, 2021.
             Was a High Priest of Cheibriados (penitent).
             Slain by a skeletal warrior
             ... wielding a +0 glaive
             ... led by a skeletal warrior
              (16 damage)
             ... on level 11 of the Dungeon.
             The game lasted 00:28:33 (17660 turns).

jasper the Martial Artist (Naga Transmuter)        Turns: 17660, Time: 00:28:34

Health: -5/159     AC: 13    Str: 18    XL:     12   Next: 9%
Magic:  16/16      EV:  9    Int: 17    God:    Cheibriados [*]
Gold:   168        SH: 15    Dex: 16    Spells: 2/15 levels left

rFire    . . .     SeeInvis +     - Unarmed
rCold    . . .     Faith    .   J - +0 tower shield
rNeg     . . .     Spirit   .   d - +1 ring mail
rPois    +         Reflect  .   E - +2 hat
rElec    .         Harm     .   (no cloak)
rCorr    .         Rampage  .   (no gloves)
Will     +....                  H - +0 barding
Stlth    ..........             B - amulet of the acrobat
HPRegen  0.36/turn              z - +6 ring of strength
MPRegen  0.15/turn              f - ring of Sin {EV+4 Dex+2}

@: berserking (expiring), very slow
A: large, see invisible, deformed body, poison resistance, slowness 2, spit
poison 1, naga tail 1, AC +4
a: Spit Poison, Renounce Religion


You were on level 11 of the Dungeon.
You worshipped Cheibriados.
Cheibriados was demanding penance.
You visited 2 branches of the dungeon, and saw 12 of its levels.

You collected 645 gold pieces.
You spent 477 gold pieces at shops.

Inventory:

Missiles
 c - 439 stones
 m - 56 poisoned darts
 t - 4 javelins (quivered)
 G - 5 silver boomerangs
 K - 5 curare-tipped darts
Armour
 a - a +0 robe
 d - a +1 ring mail (worn)
 s - a +2 plate armour of poison resistance
 E - a +2 hat (worn)
 H - a +0 barding (worn)
 J - a +0 tower shield (worn)
Jewellery
 f - the ring of Sin (right hand) {EV+4 Dex+2}
   (You took it off an orc on level 4 of the Dungeon)

   [ring of evasion]

   It affects your evasion (+4).
   It affects your dexterity (+2).
 l - a ring of flight
 o - a ring of wizardry
 q - a +6 ring of intelligence
 z - a +6 ring of strength (left hand)
 B - an amulet of the acrobat (around neck)
 C - a +6 ring of strength
Wands
 g - a wand of digging (6)
 L - a wand of acid (3)
 M - a wand of flame (15)
Scrolls
 n - 3 scrolls of random uselessness
 r - a scroll of enchant armour
 u - a scroll of blinking
 v - a scroll of brand weapon
 x - 2 scrolls of amnesia
 y - 3 scrolls of teleportation
 F - a scroll of enchant weapon
 N - a scroll of immolation
 P - a scroll of identify
Potions
 b - 2 potions of attraction
 e - 3 potions of flight
 h - 2 potions of degeneration
 i - 5 potions of curing
 k - a potion of ambrosia
 p - a potion of berserk rage
 w - 3 potions of lignification
 A - 2 potions of brilliance
 D - a potion of resistance
Miscellaneous
 O - a condenser vane (inert)


   Skills:
 - Level 6.8 Fighting
 - Level 4.0 Dodging
 + Level 7.1 Shields
 - Level 10.8 Unarmed Combat
 - Level 2.0 Spellcasting
 - Level 3.0 Conjurations
 - Level 5.0 Translocations
 - Level 4.9 Transmutations
 - Level 3.0 Air Magic
 - Level 6.0 Poison Magic
 - Level 5.9 Invocations


You had 2 spell levels left.
You knew the following spells:

 Your Spells              Type           Power      Damage    Failure   Level
a - Beastly Appendage     Tmut           36%        N/A       26%         1
b - Wereblood             Tmut           18%        N/A       36%         2
c - Blade Hands           Tmut           9%         N/A       100%        5
d - Blink                 Tloc           N/A        N/A       36%         2
e - Mephitic Cloud        Conj/Pois/Air  15%        N/A       73%         3

Your spell library contained the following spells:

 Spells                   Type           Power      Damage    Failure   Level
 Poisonous Vapours        Pois/Air       34%        N/A       41%         2
 Magic Dart               Conj           48%        1d5       47%         1
 Call Imp                 Summ           1%         N/A       96%         2
 Slow                     Hex            1%         N/A       96%         2
 Spider Form              Tmut/Pois      10%        N/A       52%         3
 Conjure Flame            Conj/Fire      6%         6-21      97%         3
 Ice Form                 Ice/Tmut       10%        N/A       100%        4
 Freezing Cloud           Conj/Ice/Air   4%         6-21      100%        6


Dungeon Overview and Level Annotations

Branches:
Dungeon (11/15)            Temple (1/1) D:7            Lair (0/6) D:10
    Orc (0/2) D:10

Altars:
Ashenzari
Cheibriados
Dithmenos
Elyvilon
Fedhas
Gozag
Kikubaaqudgha
Makhleb
Nemelex Xobeh
Okawaru
Qazlal
Ru
Sif Muna
Trog
Uskayaw
Vehumet
Wu Jian
Xom
Yredelemnul
Zin
The Shining One

Shops:
D:8 *!*


Innate Abilities, Weirdness & Mutations

Your serpentine skin is tough. (AC +4)
You have supernaturally acute eyesight. (SInv)
Armour fits poorly on your strangely shaped body.
Your system is resistant to poisons. (rPois)
You cover ground very slowly.
You can spit poison.
You have a snake-like lower body.


Message History

You block the skeletal warrior's attack.
Really quaff the potion of berserk rage?
This action would place you under penance!
A red film seems to cover your vision as you go berserk!
Cheibriados thinks you should slow down.
You feel very guilty.
Cheibriados lowers the support of your attributes as your movement quickens. "You will pay for your transgression, mortal!"
Cheibriados forces you to slow down.
You feel mighty!
You block the skeletal warrior's attack.
You now have 40/159 hp.
You punch the skeletal warrior!
The skeletal warrior is heavily damaged.
You barely miss the skeletal warrior.
The skeletal warrior is heavily damaged.
The skeletal warrior hits you with a +0 glaive!
* * * LOW HITPOINT WARNING * * *
You take 14 damage, and have 27/159 hp.
You barely miss the skeletal warrior.
The skeletal warrior is heavily damaged.
The skeletal warrior hits you with a +0 glaive.
* * * LOW HITPOINT WARNING * * *
You take 6 damage, and have 21/159 hp.
You hit the skeletal warrior.
The skeletal warrior is heavily damaged.
The skeletal warrior hits you with a +0 glaive!
* * * LOW HITPOINT WARNING * * *
You take 11 damage, and have 10/159 hp.
You hit the skeletal warrior but do no damage.
The skeletal warrior is heavily damaged.
The skeletal warrior hits you but does no damage.
You pummel the skeletal warrior!!
The skeletal warrior is severely damaged.
You punch the skeletal warrior!
The skeletal warrior is almost destroyed.
The skeletal warrior hits you but does no damage.
You hit the skeletal warrior but do no damage.
The skeletal warrior is almost destroyed.
The skeletal warrior hits you with a +0 glaive!
You die...

....#...............#....#######
....#....##...###...#..........#
....#....##..(###...#####......#
..(.#...................'......#
....####+##.............#......##
....##...##.............#.(......
.....#..................+........
.....#..........z.......#..<.....
###.##.######.##@##.#####........
..#.##.#########.##.######+######
..'.....#.........'[.... ...
..#.....#........†#..... ..
.÷####)######....## ..##
÷÷..........#....## .# #
............#.....# .. ...
............+.....# . ....
............###'### ....


You could see a skeletal warrior.

Vanquished Creatures
  Gastronok (D:9)
  A hydra (D:11)
  Erica (D:11)
  2 two-headed ogres
  2 skeletal warriors (D:11)
  An unseen horror (D:10)
  Pikel (D:4)
  A kobold demonologist (D:10)
  Psyche (D:8)
  8 yaks (D:10)
  2 wyverns
  A wraith (D:11)
  2 vampire mosquitoes (D:11)
  Edmund (D:4)
  A warg (D:10)
  A water moccasin (D:10)
  2 ice beasts
  4 orc warriors
  2 sky beasts
  2 black bears
  An eye of draining (D:11)
  A necrophage (D:10)
  6 ogres
  2 phantoms
  9 kobold brigands
  2 lemures
  2 bullfrogs
  A water moccasin skeleton (D:5)
  2 scorpions
  8 killer bees
  4 wights
  3 howler monkeys
  2 centaur zombies
  3 jellies
  A bullfrog zombie (D:8)
  6 orc priests
  4 hounds
  2 centaur skeletons
  A bullfrog skeleton (D:9)
  Ijyb (D:3)
  Natasha (thrice) (D:2)
  4 iguanas
  10 orc wizards
  5 worker ants
  11 gnolls
  8 adders
  2 shadow imps (D:10)
  A white imp (D:7)
  An ufetubus (D:5)
  An adder skeleton (D:8)
  A worm (D:3)
  A dart slug (D:3)
  6 leopard geckos
  57 orcs
  2 ball pythons
  6 bats (D:2)
  4 giant cockroaches
  8 goblins
  6 hobgoblins
  20 jackals
  A quokka (D:6)
  2 frilled lizards
  44 kobolds
  11 kobold skeletons (D:10)
  6 kobold zombies (D:10)
  A quokka skeleton (D:5)
  A quokka zombie (D:9)
  12 rats
333 creatures vanquished.

Vanquished Creatures (others)
  A plant (D:4)
1 creature vanquished.

Grand Total: 334 creatures vanquished

Notes
Turn   | Place    | Note
-------+----------+-------------------------------------------
     0 | D:1      | jasper the Naga Transmuter began the quest for the Orb.
     0 | D:1      | Reached XP level 1. HP: 18/18 MP: 3/3
    28 | D:1      | Upgraded the game from 0.27-a0-538-g15ff5c5295 to
                  | 0.27-a0-550-ge92ec0ca06
   264 | D:1      | Reached XP level 2. HP: 19/25 MP: 5/5
   267 | D:1      | Learned a level 2 spell: Wereblood
  1091 | D:1      | Reached XP level 3. HP: 29/32 MP: 6/6
  1543 | D:2      | Reached skill level 4 in Unarmed Combat
  1925 | D:2      | Noticed Natasha
  1930 | D:2      | Killed Natasha
  1931 | D:2      | Reached XP level 4. HP: 39/39 MP: 7/7
  2052 | D:2      | Noticed Natasha
  2056 | D:2      | Killed Natasha
  2056 | D:2      | Noticed Natasha
  2068 | D:2      | Killed Natasha
  2069 | D:2      | Reached XP level 5. HP: 46/46 MP: 8/8
  2173 | D:2      | Found a snail-covered altar of Cheibriados.
  2199 | D:2      | Reached skill level 5 in Unarmed Combat
  3307 | D:3      | Noticed Ijyb
  3740 | D:3      | Killed Ijyb
  4378 | D:3      | Reached XP level 6. HP: 52/56 MP: 9/9
  4935 | D:4      | Noticed Pikel
  4940 | D:4      | Killed Pikel
  4941 | D:4      | Reached skill level 7 in Unarmed Combat
  4941 | D:4      | Reached XP level 7. HP: 66/66 MP: 10/10
  5198 | D:4      | Noticed Edmund
  5207 | D:4      | Killed Edmund
  5208 | D:4      | Reached XP level 8. HP: 56/73 MP: 11/11
  5289 | D:4      | Reached skill level 5 in Fighting
  5368 | D:4      | Reached skill level 8 in Unarmed Combat
  5375 | D:4      | Identified the ring of Sin {EV+4 Dex+2}
  6177 | D:5      | Entered Level 5 of the Dungeon
  6647 | D:5      | Reached skill level 9 in Unarmed Combat
  7204 | D:5      | Found an ornate altar of the Wu Jian Council.
  7395 | D:5      | Learned a level 5 spell: Blade Hands
  7702 | D:5      | Identified the +8 long sword "Cukk" {antimagic, rC- rN++}
  7872 | D:5      | Reached skill level 10 in Unarmed Combat
  8148 | D:5      | Reached XP level 9. HP: 57/81 MP: 12/12
  9332 | D:6      | Learned a level 2 spell: Blink
  9609 | D:7      | Reached skill level 1 in Translocations
 10090 | D:7      | Found a broken altar of Ashenzari.
 10162 | D:7      | Found a staircase to the Ecumenical Temple.
 10219 | Temple   | Entered the Ecumenical Temple
 10539 | D:2      | Became a worshipper of Cheibriados the Contemplative
 11704 | D:8      | Reached * piety under Cheibriados
 12026 | D:8      | Found Karozerph's Distillery.
 12030 | D:8      | Bought 2 potions of heal wounds for 150 gold pieces
 12030 | D:8      | Bought a potion of resistance for 150 gold pieces
 12030 | D:8      | Bought a potion of curing for 45 gold pieces
 12280 | D:8      | Found a sacrificial altar of Ru.
 12306 | D:8      | Noticed a two-headed ogre
 12323 | D:8      | Killed a two-headed ogre
 12324 | D:8      | Reached skill level 5 in Translocations
 12324 | D:8      | Reached XP level 10. HP: 33/91 MP: 6/13
 12328 | D:8      | Learned a level 3 spell: Mephitic Cloud
 12625 | D:8      | Found a blossoming altar of Fedhas.
 12897 | D:8      | Found a bloodstained altar of Trog.
 13053 | D:8      | Noticed Psyche
 13066 | D:8      | Killed Psyche
 13067 | D:8      | Reached skill level 1 in Poison Magic
 13229 | D:8      | Found Zebotz's General Store.
 13272 | D:8      | Found Hoak's Assorted Antiques.
 13280 | D:8      | Bought a scroll labelled NESMUTHOMA for 22 gold pieces
 13280 | D:8      | Bought a scroll labelled NOSALA YTTOIN for 22 gold pieces
 13280 | D:8      | Bought a scroll of identify for 44 gold pieces
 13280 | D:8      | Bought a scroll of identify for 44 gold pieces
 13332 | D:8      | Found Zipeut's General Store.
 13436 | D:9      | Noticed Gastronok
 13500 | D:8      | Reached ** piety under Cheibriados
 13547 | D:9      | Reached skill level 1 in Conjurations
 13610 | D:9      | Killed Gastronok
 13611 | D:9      | Reached skill level 5 in Invocations
 13882 | D:9      | Noticed a boulder beetle
 13890 | D:9      | Found the +3 hat of Pondering {ponderous, Will+ MP+10
                  | Int+5}
 13890 | D:9      | Found the +0 staff of Battle
 13894 | D:9      | Noticed a two-headed ogre
 14164 | D:10     | Entered Level 10 of the Dungeon
 14365 | D:10     | Reached XP level 11. HP: 99/99 MP: 15/15
 14372 | D:10     | Reached *** piety under Cheibriados
 14437 | D:10     | Found a staircase to the Lair.
 14478 | D:10     | Found a staircase to the Orcish Mines.
 14732 | D:10     | Reached skill level 5 in Poison Magic
 14972 | D:10     | Reached **** piety under Cheibriados
 15093 | D:10     | Reached ***** piety under Cheibriados
 15148 | D:10     | Reached skill level 1 in Shields
 15321 | D:10     | Found an ancient bone altar of Kikubaaqudgha.
 15620 | D:10     | Noticed an unseen horror
 15631 | D:10     | Killed an unseen horror
 16591 | D:11     | Noticed Erica
 16604 | D:11     | Killed Erica
 16833 | D:11     | Noticed a two-headed ogre
 16841 | D:11     | Killed a two-headed ogre
 16842 | D:11     | Reached skill level 5 in Shields
 17046 | D:11     | Noticed a five-headed hydra
 17059 | D:11     | Killed a five-headed hydra
 17387 | D:11     | Noticed a skeletal warrior
 17406 | D:11     | Killed a skeletal warrior
 17407 | D:11     | Reached XP level 12. HP: 89/106 MP: 16/16
 17652 | D:11     | Was placed under penance by Cheibriados
 17660 | D:11     | Slain by a skeletal warrior

Illustrated notes

Levels and vault maps discovered:
D:1:      dpeg_arrival_castle, layout_loops_ring, minmay_hedge_maze
D:2:      layout_loops_cross, lemuel_round_altar,
          chequers_serial_rivers_micro_a, uniq_natasha
D:3:      layout_loops_cross, uniq_ijyb
D:4:      layout_gridville, serial_forest, infiniplex_forest_straight_3,
          infiniplex_forest_corner_1, infiniplex_forest_zigzag_1,
          infiniplex_forest_lined_room_2, infiniplex_forest_split, uniq_pikel,
          uniq_edmund
D:5:      layout_loops_cross, nicolae_wu_jian_wuxing_cycle
D:6:      layout_rooms
D:7:      layout_cave_pools, kennysheep_mini, minmay_temple_entry_crystal_x
D:8:      layout_loops_corners, old_standard_altar, kennysheep_mini_moat,
          serial_shops, nicolae_shop_trees, shop, shop, shop,
          hangedman_ru_absence, uniq_psyche
D:9:      minmay_the_grid_octo_triangle [minmay_the_grid_octo_checkered,
          minmay_the_grid_octo_prize_star, minmay_the_grid_octo_toaster],
          layout_rooms, nicolae_overflow_hidden_temple, nrook_mini_backslash,
          uniq_gastronok
D:10:     wander_kiku_kobolds, layout_basic, lair_entry_dummy, erik_orc_3
D:11:     layout_gridville, uniq_erica
Temple:   eino_temple_rhombus

Skill      XL: |  1  2  3  4  5  6  7  8  9 10 11 12 |
---------------+-------------------------------------+-----
Unarmed Combat | 4 5 7 10 | 10.8
Fighting       | 2 3 4 5 6 |  6.8
Dodging        | 3 4 |  4.0
Transmutations | 3 4 |  4.9
Translocations | 5 |  5.0
Invocations    | 2 5 |  5.9
Poison Magic   | 2 6 |  6.0
Conjurations   | 2 3 |  3.0
Air Magic      | 2 3 |  3.0
Shields        | 6 7 |  7.1
Spellcasting   | |  2.0

Action                   |  1- 3 |  4- 6 |  7- 9 | 10-12 || total
-------------------------+-------+-------+-------+-------++-------
Melee: Unarmed           |    70 |   141 |   323 |   504 ||  1038
       Punch             |     2 |     3 |     9 |    33 ||    47
       Headbutt          |       |       |    11 |    13 ||    24
Throw: Stone             |    25 |       |    39 |       ||    64
       Javelin           |     8 |    23 |    20 |    13 ||    64
 Cast: Beastly Appendage |       |       |     7 |     4 ||    11
       Blink             |       |       |     4 |     5 ||     9
       Wereblood         |       |       |       |     1 ||     1
       Mephitic Cloud    |       |       |       |     5 ||     5
 Abil: Spit Poison       |    13 |    18 |    26 |    18 ||    75
Evoke: Wand              |       |     4 |     2 |     2 ||     8
       Condenser vane    |       |       |       |     1 ||     1
  Use: Potion            |       |     1 |     4 |     6 ||    11
       Scroll            |       |     9 |     3 |    11 ||    23
 Stab: Sleeping          |     1 |       |       |       ||     1
       Confused          |       |       |       |     7 ||     7
Armor: Ring mail         |    14 |    59 |    75 |   161 ||   309
       Robe              |     1 |       |       |       ||     1
Dodge: Dodged            |    28 |    74 |   174 |   391 ||   667
Block: Tower shield      |       |       |       |   157 ||   157

Table legend: (Time is in decaauts)
 A = Elapsed time spent in this place.
 B = Non-inter-level travel time spent in this place.
 C = Inter-level travel time spent in this place.
 D = Time resting spent in this place.
 E = Time spent auto-exploring this place.
 F = Levels seen in this place.
 G = Mean time per level.
                   A        B        C        D        E       F      G
               +--------+--------+--------+--------+--------+-----+--------+
         Total |  22735 |  20825 |   1910 |   5824 |  12169 |  12 | 1894.6 |
       Dungeon |  22423 |  20541 |   1882 |   5824 |  11886 |  11 | 2038.5 |
        Temple |    312 |    285 |     27 |      0 |    282 |   1 |  312.0 |
               +--------+--------+--------+--------+--------+-----+--------+

Top non-repeatable levels by time:
    D:10: 3713 daAuts
     D:8: 2762 daAuts
     D:3: 2427 daAuts
     D:5: 2092 daAuts
     D:4: 2056 daAuts
     D:7: 1973 daAuts
    D:11: 1879 daAuts
     D:2: 1801 daAuts
     D:1: 1576 daAuts
     D:6: 1399 daAuts
     D:9: 740 daAuts
  Temple: 312 daAuts
